 Dungeon Crawl Stone Soup version 0.31.0-11-ge490571c62 (webtiles) character file.

Game seed: 17141361422826279662

99 qw the Shooter (level 4, -3/22 HPs)
             Began as a Spriggan Hunter on Feb 3, 2024.
             Slain by an iguana (8 damage)
             ... on level 3 of the Dungeon.
             The game lasted 00:00:04 (1331 turns).

qw the Shooter (Spriggan Hunter)                    Turns: 1331, Time: 00:00:05

Health: -3/22      AC:  6    Str:  7    XL:     4   Next: 45%
Magic:  5/5        EV: 20    Int: 10    God:
Gold:   104        SH:  0    Dex: 20    Spells: 3/3 levels left

rFire   . . .        a - +1 shortbow
rCold   . . .        (shield currently unavailable)
rNeg    . . .        c - +0 robe
rPois   .            (helmet restricted)
rElec   .            (no cloak)
rCorr   .            (gloves unavailable)
SInv    +            (boots unavailable)
Will    .....        (no amulet)
Stlth   ++           e - +4 ring of protection
HPRegen 0.23/turn    (no ring)
MPRegen 0.09/turn

%: no passive effects
@: about to teleport, very quick
A: very small, no large weapons, unfitting armour, see invisible, speed 3
a: no special abilities


You were on level 3 of the Dungeon.
You visited 1 branch of the dungeon, and saw 3 of its levels.

You collected 104 gold pieces.


Innate Abilities, Weirdness & Mutations

You are very small and have problems with some larger weapons.
You are too small for most types of armour.
You have supernaturally acute eyesight. (SInv)
You cover ground extremely quickly. (Speed+++)


   Skills:
 + Level 1.5 Fighting
 - Level 5.0 Ranged Weapons
 - Level 5.0 Dodging
 - Level 1.5 Stealth


You had 3 spell levels left.
You didn't know any spells.
Your spell library was empty.

Inventory:

Hand Weapons
 a - a +1 shortbow (weapon)
Armour
 c - a +0 robe (worn)
Jewellery
 d - the ring of Sacaater {rC+ Will+ AC+4 Str+3 Dex+4}
   (You found it on level 3 of the Dungeon)

   [ring of protection]

   AC+4:      It affects your AC (+4).
   Str+3:     It affects your strength (+3).
   Dex+4:     It affects your dexterity (+4).
   rC+:       It protects you from cold.
   Will+:     It increases your willpower.
 e - a +4 ring of protection (left hand)
Scrolls
 g - 2 scrolls of identify
Potions
 f - a potion of curing {unknown}
 k - a potion of resistance

Dungeon Overview and Level Annotations

Branches:
Dungeon (3/15)

Altars:


Message History

You shoot an arrow. The arrow hits the adder.
The adder is almost dead.
You shoot an arrow. The arrow hits the adder!
You kill the adder!
Your Dodging skill increases to level 5!
You now have 104 gold pieces (gained 9).
Found a leather armour.
g - a scroll of identify You open the door.
There is an open door here.
g - 2 scrolls of identify (gained 1)
There is an open door here.
A ribbon worm comes into view.
You shoot an arrow. The arrow hits the ribbon worm.
The ribbon worm is lightly wounded.
You hear an angry hiss.
You shoot an arrow. The arrow hits the ribbon worm.
The ribbon worm is moderately wounded.
An iguana comes into view.
You shoot an arrow. The arrow hits the iguana.
The iguana is lightly wounded.
You shoot an arrow. The arrow closely misses the iguana.
The arrow hits the ribbon worm.
The ribbon worm is severely wounded.
The iguana completely misses you.
You shoot an arrow. The arrow hits the iguana.
The iguana is moderately wounded.
The iguana completely misses you.
You shoot an arrow. The arrow completely misses the iguana.
The arrow barely misses the ribbon worm.
The iguana bites you!
You shoot an arrow. The arrow completely misses the iguana.
The arrow hits the ribbon worm.
The ribbon worm is severely wounded.
The iguana bites you!
1331 ||| READING scroll of teleportation.
As you read the scroll of teleportation, it crumbles to dust.
You feel strangely unstable. The iguana bites you!
You die...

#.###......#..#
#. #......#..#
#......#..#
...####'#..#
...........#
....[......#
...........#
...........###
#######+#.@..+
#l.### ..w..
........
...........
............
....#........
....#.........


You could see a ribbon worm and an iguana.

Vanquished Creatures
  4 adders
  3 dart slugs
  A ribbon worm (D:2)
  5 ball pythons
  6 bats
  4 endoplasms
  4 giant cockroaches
  6 goblins
  2 hobgoblins (D:2)
  5 quokkas
  5 frilled lizards (D:1)
  2 kobolds
  9 rats
56 creatures vanquished.

Notes
Turn   | Place    | Note
-------+----------+-------------------------------------------
     0 | D:1      | qw the Spriggan Hunter began the quest for the Orb.
     0 | D:1      | Reached XP level 1. HP: 10/10 MP: 2/2
     0 | D:1      | 0 ||| qw: Version: 0.3-a-155-g5e7d8dd
     0 | D:1      | 0 ||| qw: Game counter: 3194
     0 | D:1      | 0 ||| qw: Melee chars always use a shield: true
     0 | D:1      | 0 ||| qw: God list: Okawaru
     0 | D:1      | 0 ||| qw: Allow faded altars: false
     0 | D:1      | 0 ||| qw: Do Orc after clearing Dungeon:15 true
     0 | D:1      | 0 ||| qw: Do second Lair branch before Depths: true
     0 | D:1      | 0 ||| qw: Lair rune preference: random
     0 | D:1      | 0 ||| qw: Goals: Normal
     0 | D:1      | 0 ||| PLANNING D:1-11
    43 | D:1      | Reached skill level 3 in Dodging
   157 | D:1      | Found a faded altar of an unknown god.
   262 | D:1      | Reached XP level 2. HP: 14/14 MP: 3/3
   443 | D:1      | Reached XP level 3. HP: 15/18 MP: 4/4
   501 | D:1      | 501 ||| UPGRADING to +4 ring of protection.
   502 | D:1      | 502 ||| READING scroll labelled FOSAAD CEUHUMN.
   603 | D:1      | 603 ||| READING 2 scrolls labelled DUETHR NU LAO.
   603 | D:1      | 603 ||| IDENTIFYING black potion
   604 | D:1      | 604 ||| READING scroll of identify.
   604 | D:1      | 604 ||| IDENTIFYING 2 bubbling black potions
   605 | D:1      | 605 ||| READING scroll labelled TYNWAS RIPS.
   606 | D:1      | 606 ||| READING scroll labelled ELUZXU ANTENGI.
   610 | D:1      | 610 ||| READING scroll labelled ITAECIU CISU.
   711 | D:1      | 711 ||| READING scroll labelled OLIOSS QUOFEAC.
   711 | D:1      | 711 ||| ENCHANTING +0 shortbow.
   712 | D:1      | 712 ||| DROPPING scroll of butterflies.
   713 | D:1      | 713 ||| DROPPING 2 potions of invisibility.
  1014 | D:2      | Reached XP level 4. HP: 22/22 MP: 5/5
  1264 | D:2      | 1264 ||| READING scroll labelled JOSCHU WUVIFISIO.
  1265 | D:2      | 1265 ||| READING scroll labelled REUFYMMANOU.
  1291 | D:3      | Identified the ring of Sacaater {rC+ Will+ AC+4 Str+3
                  | Dex+4}
  1330 | D:3      | HP: 4/22 [iguana (8)]
  1331 | D:3      | 1331 ||| READING scroll of teleportation.
  1331 | D:3      | Slain by an iguana

Levels and vault maps discovered:
D:1:      giann_wishing_wells, layout_rooms, shapermc_ecumenical_altar_venn
D:2:      layout_loops_cross
D:3:      layout_basic, nicolae_overflow_two_pavilions, minmay_misc_feat_tiny,
          uniq_robin

Skill      XL: |  1  2  3  4 |
---------------+-------------+-----
Dodging        | 3 4 5 |  5.0
Ranged Weapons | 5 |  5.0
Fighting       | |  1.5
Stealth        | |  1.5

Action                     |  1- 3 |  4- 6 || total
---------------------------+-------+-------++-------
   Fire: Shortbow          |    94 |    24 ||   118
    Use: Scroll            |     7 |     3 ||    10
 Armour: Robe              |     9 |     5 ||    14
  Dodge: Dodged            |    22 |     6 ||    28

Table legend:
 A = Non-vault XP
 B = Vault XP
 C = Vault XP percentage of total XP
 D = Non-vault monster count
 E = Vault monster count
 F = Vault count percentage of total count
                 A         B        C        D         E       F
            +---------+---------+-------+---------+---------+-------
      Total |     142 |       0 |   0.0 |      56 |       0 |   0.0
            +---------+---------+-------+---------+---------+-------
        D:1 |      46 |       0 |   0.0 |      28 |       0 |   0.0
        D:2 |      83 |       0 |   0.0 |      27 |       0 |   0.0
        D:3 |      13 |       0 |   0.0 |       1 |       0 |   0.0
            +---------+---------+-------+---------+---------+-------
